HSSL
OVERLAND PARK HS TRIPLETS @ BILLINGS WEST HS GOLDEN BEARS
04/02/2029
 
TOP OF THE 1ST
Overland Park HS Triplets batting - Pitching for Billings West HS Golden Bears : RHP Álex Peña
Pitching: RHP Álex Peña
Batting: LHB Esteban Pérez 0-0: Called Strike
0-1: Called Strike
0-2: Foul Ball, location: 2F
0-2: Strikes out swinging
Batting: LHB José Mendoza 0-0: Ball
1-0: Ball
2-0: Foul Ball, location: 2F
2-1: Ball
3-1: Foul Ball, location: 2F
3-2: Base on Balls
Batting: RHB Emery Cooper 0-0: Ball
1-0: Foul Ball, location: 2F
1-1: Ball
2-1: Ball
3-1: Called Strike
3-2: Foul Ball, location: 2F
3-2: Foul Ball, location: 2F
3-2: Foul Ball, location: 2F
3-2: SINGLE (Line Drive, 7S)
José Mendoza to second
Batting: RHB Alex Moran 0-0: Ball
1-0: Ball
José Mendoza is caught stealing 3rd base
2-0: Ball
3-0: Called Strike
3-1: Ground out 4-3 (Groundball, 34)
Top of the 1st over - 0 runs, 1 hit, 0 errors, 1 left on base; Overland Park HS 0 - Billings West HS 0
BOTTOM OF THE 1ST
Billings West HS Golden Bears batting - Pitching for Overland Park HS Triplets : RHP Jason Vaughan
Pitching: RHP Jason Vaughan
Batting: RHB Larry Olson 0-0: Foul Ball, location: 2F
0-1: Reached on error, E3 (Groundball, 3S)
Batting: LHB Cristián Paredes 0-0: Ball
1-0: Called Strike
1-1: Ball
2-1: Swinging Strike
2-2: Ball
3-2: Foul Ball, location: 2F
3-2: Grounds into double play, 4-6-3 (Groundball, 4)
Batting: LHB Jeremy Thompson 0-0: Called Strike
0-1: Foul Ball, location: 2F
0-2: Foul Ball, location: 2F
0-2: Ball
1-2: Ball
2-2: Ball
3-2: Base on Balls
Batting: LHB Carter Coleman 0-0: Ball
1-0: Fly out, F5 (Popup, 5F)
Bottom of the 1st over - 0 runs, 0 hits, 1 error, 1 left on base; Overland Park HS 0 - Billings West HS 0
TOP OF THE 2ND
Overland Park HS Triplets batting - Pitching for Billings West HS Golden Bears : RHP Álex Peña
Batting: RHB Pablo Quintanilla 0-0: SINGLE (Flyball, 7LS)
Batting: RHB Eddie Stanton 0-0: Called Strike
0-1: Called Strike
0-2: Strikes out swinging
Batting: RHB Al Kelly 0-0: Ball
1-0: Ball
2-0: Ball
3-0: Base on Balls
Pablo Quintanilla to second
Batting: SHB John Hansen 0-0: Ball
1-0: Ball
2-0: Foul Ball, location: 2F
2-1: Foul Ball, location: 2F
2-2: Ball
3-2: Fly out, F5 (Popup, 5SF)
Batting: RHB Paco Tapia 0-0: Ball
1-0: Called Strike
1-1: SINGLE (Groundball, 56) (infield hit)
Pablo Quintanilla to third
Al Kelly to second
Batting: LHB Esteban Pérez 0-0: Foul Ball, location: 2F
0-1: Ball
1-1: Ball
2-1: Ball
3-1: Foul Ball, location: 2F
3-2: SINGLE (Line Drive, 8LS)
Pablo Quintanilla scores
Al Kelly to third
Paco Tapia to second
Al Kelly scores
Paco Tapia to third
Batting: LHB José Mendoza 0-0: Ball
1-0: Foul Ball, location: 2F
1-1: Ball
2-1: Fly out, F7 (Line Drive, 7)
Top of the 2nd over - 2 runs, 3 hits, 0 errors, 2 left on base; Overland Park HS 2 - Billings West HS 0
BOTTOM OF THE 2ND
Billings West HS Golden Bears batting - Pitching for Overland Park HS Triplets : RHP Jason Vaughan
Batting: LHB Simon Morin 0-0: Ball
1-0: Swinging Strike
1-1: Foul Ball, location: 2F
1-2: Fly out, F7 (Flyball, 78S)
Batting: RHB Rob Miller 0-0: Called Strike
0-1: Foul Ball, location: 2F
0-2: Hit by Pitch
Batting: LHB Roy Jones 0-0: Ball
1-0: Ball
Rob Miller steals 2nd base
2-0: Ball
3-0: Base on Balls
Batting: SHB Mike Hooper 0-0: SINGLE (Groundball, 34) (infield hit)
Rob Miller to third
Roy Jones to second
Batting: RHB Curt Sinclair 0-0: Ball
1-0: Ball
2-0: Called Strike
2-1: Ball
3-1: Foul Ball, location: 2F
3-2: Foul Ball, location: 2F
3-2: Base on Balls
Rob Miller scores
Roy Jones to third
Mike Hooper to second
Batting: RHB Larry Olson 0-0: Called Strike
0-1: Ball
1-1: Foul Ball, location: 2F
1-2: Strikes out swinging
Batting: LHB Cristián Paredes 0-0: Called Strike
0-1: Fielders Choice at 2nd, 6-4 (Groundball, 56)
Bottom of the 2nd over - 1 run, 1 hit, 0 errors, 3 left on base; Overland Park HS 2 - Billings West HS 1
TOP OF THE 3RD
Overland Park HS Triplets batting - Pitching for Billings West HS Golden Bears : RHP Álex Peña
Batting: RHB Emery Cooper 0-0: Called Strike
0-1: Ball
1-1: Ball
2-1: Called Strike
2-2: Ball
3-2: Base on Balls
Batting: RHB Alex Moran 0-0: Ball
1-0: Called Strike
1-1: Ball
2-1: Ball
3-1: Ground out 3-1 (Groundball, 34S)
Emery Cooper to second
Batting: RHB Pablo Quintanilla 0-0: Ball
1-0: Ball
2-0: Ball
3-0: Called Strike
3-1: SINGLE (Flyball, 7LS)
Emery Cooper to third
Runner from 3rd tries for Home, SAFE, throw made home
Batting: RHB Eddie Stanton 0-0: Grounds into double play, 5-4-3 (Groundball, 5)
Top of the 3rd over - 1 run, 1 hit, 0 errors, 0 left on base; Overland Park HS 3 - Billings West HS 1
BOTTOM OF THE 3RD
Billings West HS Golden Bears batting - Pitching for Overland Park HS Triplets : RHP Jason Vaughan
Batting: LHB Jeremy Thompson 0-0: Foul Ball, location: 2F
0-1: Fly out, F7 (Flyball, 7S)
Batting: LHB Carter Coleman 0-0: Called Strike
0-1: Swinging Strike
0-2: Strikes out swinging
Batting: LHB Simon Morin 0-0: Ball
1-0: Called Strike
1-1: Ball
2-1: Ball
3-1: Base on Balls
Batting: RHB Rob Miller 0-0: Called Strike
0-1: Called Strike
0-2: Ground out 4-3 (Groundball, 4)
Bottom of the 3rd over - 0 runs, 0 hits, 0 errors, 1 left on base; Overland Park HS 3 - Billings West HS 1
TOP OF THE 4TH
Overland Park HS Triplets batting - Pitching for Billings West HS Golden Bears : RHP Álex Peña
Batting: RHB Al Kelly 0-0: Ball
1-0: Called Strike
1-1: Ball
2-1: Ball
3-1: SINGLE (Line Drive, 4MD)
Batting: SHB John Hansen 0-0: Ball
1-0: Called Strike
1-1: Called Strike
1-2: Ball
2-2: Strikes out looking
Batting: RHB Paco Tapia 0-0: SINGLE (Groundball, 34D)
Al Kelly to second
Runner from 2nd tries for 3rd, SAFE, throw made to third
Batting: LHB Esteban Pérez 0-0: Ball
1-0: Ball
2-0: Called Strike
2-1: Fly out, F8 (Flyball, 8RD)
Runner from 3rd tags up, OUT at HOME
Top of the 4th over - 0 runs, 2 hits, 0 errors, 1 left on base; Overland Park HS 3 - Billings West HS 1
BOTTOM OF THE 4TH
Billings West HS Golden Bears batting - Pitching for Overland Park HS Triplets : RHP Jason Vaughan
Batting: LHB Roy Jones 0-0: Ball
1-0: SINGLE (Line Drive, 5)
Batting: SHB Mike Hooper 0-0: Ball
1-0: Fly out, F3 (Popup, 23F)
Batting: RHB Curt Sinclair 0-0: Fly out, F5 (Popup, 5S)
Batting: RHB Larry Olson 0-0: SINGLE (Groundball, 5D)
Roy Jones to second
Roy Jones to third
Batting: LHB Cristián Paredes 0-0: Foul Ball, location: 2F
0-1: Called Strike
0-2: Foul Ball, location: 2F
0-2: Ball
1-2: Fly out, F9 (Line Drive, 9S)
Bottom of the 4th over - 0 runs, 2 hits, 0 errors, 2 left on base; Overland Park HS 3 - Billings West HS 1
TOP OF THE 5TH
Overland Park HS Triplets batting - Pitching for Billings West HS Golden Bears : RHP Álex Peña
Pitching: LHP Brad Crockett
Batting: LHB José Mendoza 0-0: Called Strike
0-1: Ball
1-1: Foul Ball, location: 2F
1-2: Fly out, F8 (Flyball, 8LM)
Batting: RHB Emery Cooper 0-0: Ball
1-0: Fly out, F7 (Flyball, 7LS)
Batting: RHB Alex Moran 0-0: Ball
1-0: Called Strike
1-1: Called Strike
1-2: Ball
2-2: Strikes out swinging
Top of the 5th over - 0 runs, 0 hits, 0 errors, 0 left on base; Overland Park HS 3 - Billings West HS 1
BOTTOM OF THE 5TH
Billings West HS Golden Bears batting - Pitching for Overland Park HS Triplets : RHP Jason Vaughan
Batting: LHB Jeremy Thompson 0-0: Foul Ball, location: 2F
0-1: Ball
1-1: Ball
2-1: Foul Ball, location: 2F
2-2: Foul Ball, location: 2F
2-2: Fly out, F7 (Flyball, 7)
Batting: LHB Carter Coleman 0-0: Called Strike
0-1: Foul Ball, location: 2F
0-2: Strikes out swinging
Batting: LHB Simon Morin 0-0: Called Strike
0-1: Swinging Strike
0-2: Foul Ball, location: 2F
0-2: Ball
1-2: Foul Ball, location: 2F
1-2: Ball
2-2: Hit by Pitch
Pitching: RHP Larry Madden
Batting: RHB Rob Miller 0-0: Ball
1-0: Ball
2-0: Foul Ball, location: 2F
2-1: Ball
3-1: Base on Balls
Simon Morin to second
Batting: LHB Roy Jones 0-0: Called Strike
0-1: Ball
1-1: Swinging Strike
1-2: Ball
2-2: Fly out, F8 (Flyball, 8LD)
Bottom of the 5th over - 0 runs, 0 hits, 0 errors, 2 left on base; Overland Park HS 3 - Billings West HS 1
TOP OF THE 6TH
Overland Park HS Triplets batting - Pitching for Billings West HS Golden Bears : LHP Brad Crockett
Batting: RHB Pablo Quintanilla 0-0: Ball
1-0: Foul Ball, location: 2F
1-1: Ball
2-1: Foul Ball, location: 2F
2-2: Foul Ball, location: 2F
2-2: Ground out U3 (Groundball, 34)
Batting: RHB Eddie Stanton 0-0: Foul Ball, location: 2F
0-1: Ground out 5-3 (Groundball, 56)
Batting: RHB Al Kelly 0-0: Foul Ball, location: 2F
0-1: Ball
1-1: Called Strike
1-2: Ball
2-2: Fly out, F8 (Flyball, 8RM)
Top of the 6th over - 0 runs, 0 hits, 0 errors, 0 left on base; Overland Park HS 3 - Billings West HS 1
BOTTOM OF THE 6TH
Billings West HS Golden Bears batting - Pitching for Overland Park HS Triplets : RHP Larry Madden
Batting: SHB Mike Hooper 0-0: Ball
1-0: Ball
2-0: Called Strike
2-1: SINGLE (Line Drive, 34)
Batting: RHB Curt Sinclair 0-0: Called Strike
0-1: Ball
1-1: Foul Ball, location: 2F
1-2: Ball
2-2: Fly out, F3 (Popup, 23F)
Batting: RHB Larry Olson 0-0: Ball
1-0: Ball
2-0: SINGLE (Line Drive, 6MD)
Mike Hooper to second
Batting: LHB Cristián Paredes 0-0: Called Strike
0-1: Swinging Strike
0-2: Ball
1-2: Ball
2-2: Foul Ball, location: 2F
2-2: SINGLE (Groundball, 6) (infield hit)
Mike Hooper to third
Larry Olson to second
Batting: LHB Jeremy Thompson 0-0: Foul Ball, location: 2F
0-1: GRAND SLAM HOME RUN (Flyball, 9LD), Distance : 348 ft
Pitching: LHP Mark Jacobs
Batting: LHB Carter Coleman 0-0: Ball
1-0: Called Strike
1-1: Foul Ball, location: 2F
1-2: Foul Ball, location: 2F
1-2: Ball
2-2: Foul Ball, location: 2F
2-2: DOUBLE (Flyball, 89XD)
Batting: LHB Simon Morin 0-0: Called Strike
0-1: Ball
1-1: Called Strike
1-2: Strikes out swinging
Batting: RHB Rob Miller 0-0: Ball
1-0: Called Strike
1-1: Ball
2-1: Ball
3-1: Fly out, F7 (Flyball, 7S)
Bottom of the 6th over - 4 runs, 5 hits, 0 errors, 1 left on base; Overland Park HS 3 - Billings West HS 5
TOP OF THE 7TH
Overland Park HS Triplets batting - Pitching for Billings West HS Golden Bears : LHP Brad Crockett
Batting: SHB John Hansen 0-0: Foul Ball, location: 2F
0-1: Ball
1-1: Foul Ball, location: 2F
1-2: Ball
2-2: Foul Ball, location: 2F
2-2: DOUBLE (Line Drive, 3D)
Batting: RHB Paco Tapia 0-0: Called Strike
0-1: Called Strike
0-2: Foul Ball, location: 2F
0-2: Foul Ball, location: 2F
0-2: Ball
1-2: Strikes out swinging
Batting: LHB Esteban Pérez 0-0: Ball
1-0: Ball
2-0: Foul Ball, location: 2F
2-1: Foul Ball, location: 2F
2-2: Ball
3-2: Strikes out swinging
Batting: LHB José Mendoza 0-0: Ball
1-0: Ball
2-0: Ball
3-0: Called Strike
3-1: SINGLE (Line Drive, 6)
John Hansen to third
Runner from 3rd tries for Home, SAFE, no throw
Batting: RHB Emery Cooper 0-0: Ball
1-0: Foul Ball, location: 2F
1-1: Ball
2-1: Foul Ball, location: 2F
2-2: Foul Ball, location: 2F
2-2: Foul Ball, location: 2F
2-2: Hit by Pitch
José Mendoza to second
Batting: RHB Alex Moran 0-0: Ball
1-0: Ball
2-0: Called Strike
2-1: Called Strike
2-2: Ball
3-2: SINGLE (Groundball, 34D)
José Mendoza to third
Emery Cooper to second
José Mendoza scores
Emery Cooper to third
Pitching: RHP Justin Perry
Batting: RHB Pablo Quintanilla 0-0: SINGLE (Groundball, 3) (infield hit)
Emery Cooper scores
Alex Moran to second
Pinch Runner at 2nd Carson Doss:
Batting: RHB Eddie Stanton 0-0: Foul Ball, location: 2F
0-1: Foul Ball, location: 2F
0-2: Fielders Choice at 2nd, 6-4 (Groundball, 6)
Top of the 7th over - 3 runs, 4 hits, 0 errors, 2 left on base; Overland Park HS 6 - Billings West HS 5
BOTTOM OF THE 7TH
Billings West HS Golden Bears batting - Pitching for Overland Park HS Triplets : LHP Mark Jacobs
Batting: LHB Roy Jones 0-0: Called Strike
0-1: Ground out 4-3 (Groundball, 34D)
Batting: SHB Mike Hooper 0-0: Called Strike
0-1: Foul Ball, location: 2F
0-2: Strikes out swinging
Batting: RHB Curt Sinclair 0-0: Ball
1-0: SINGLE (Groundball, 4M) (infield hit)
Batting: RHB Larry Olson 0-0: Ball
1-0: Called Strike
1-1: Ball
2-1: SINGLE (Flyball, 89S)
Curt Sinclair to second
Batting: LHB Cristián Paredes 0-0: Swinging Strike
0-1: Ball
1-1: Ball
Wild Pitch!
Curt Sinclair to third
Larry Olson to second
2-1: Foul Ball, location: 2F
2-2: Foul Ball, location: 2F
2-2: Foul Ball, location: 2F
2-2: Foul Ball, location: 2F
2-2: Strikes out swinging
Bottom of the 7th over - 0 runs, 2 hits, 0 errors, 2 left on base; Overland Park HS 6 - Billings West HS 5
TOP OF THE 8TH
Overland Park HS Triplets batting - Pitching for Billings West HS Golden Bears : RHP Justin Perry
Batting: RHB Al Kelly 0-0: Called Strike
0-1: Swinging Strike
0-2: Ball
1-2: Strikes out looking
Batting: SHB John Hansen 0-0: Ball
1-0: Called Strike
1-1: Swinging Strike
1-2: Foul Ball, location: 2F
1-2: Ball
2-2: Strikes out swinging
Batting: RHB Paco Tapia 0-0: Swinging Strike
0-1: Called Strike
0-2: Strikes out looking
Top of the 8th over - 0 runs, 0 hits, 0 errors, 0 left on base; Overland Park HS 6 - Billings West HS 5
BOTTOM OF THE 8TH
Billings West HS Golden Bears batting - Pitching for Overland Park HS Triplets : LHP Mark Jacobs
Batting: LHB Jeremy Thompson 0-0: Ball
1-0: Called Strike
1-1: Foul Ball, location: 2F
1-2: Ball
2-2: Foul Ball, location: 2F
2-2: Fly out, F7 (Flyball, 7LSF)
Batting: LHB Carter Coleman 0-0: Called Strike
0-1: Swinging Strike
0-2: Foul Ball, location: 2F
0-2: Ball
1-2: Foul Ball, location: 2F
1-2: Ball
2-2: Ball
3-2: Strikes out looking
Batting: LHB Simon Morin 0-0: Called Strike
0-1: Swinging Strike
0-2: Strikes out looking
Bottom of the 8th over - 0 runs, 0 hits, 0 errors, 0 left on base; Overland Park HS 6 - Billings West HS 5
TOP OF THE 9TH
Overland Park HS Triplets batting - Pitching for Billings West HS Golden Bears : RHP Justin Perry
Batting: LHB Esteban Pérez 0-0: Foul Ball, location: 2F
0-1: Ball
1-1: Foul Ball, location: 2F
1-2: Ball
2-2: Ground out 4-3 (Groundball, 4)
Batting: LHB José Mendoza 0-0: Ball
1-0: Ball
2-0: Ball
3-0: Called Strike
3-1: Foul Ball, location: 2F
3-2: Strikes out looking
Batting: RHB Emery Cooper 0-0: Ball
1-0: Called Strike
1-1: Foul Ball, location: 2F
1-2: Foul Ball, location: 2F
1-2: Fly out, F8 (Flyball, 8RD)
Top of the 9th over - 0 runs, 0 hits, 0 errors, 0 left on base; Overland Park HS 6 - Billings West HS 5
BOTTOM OF THE 9TH
Billings West HS Golden Bears batting - Pitching for Overland Park HS Triplets : LHP Mark Jacobs
Batting: RHB Rob Miller 0-0: Ball
1-0: Foul Ball, location: 2F
1-1: Foul Ball, location: 2F
1-2: Strikes out looking
Batting: LHB Roy Jones 0-0: Foul Ball, location: 2F
0-1: Fly out, F5 (Flyball, 5D)
Pinch Hitting: SHB Christian Goodwin 0-0: Ball
1-0: Ball
2-0: Foul Ball, location: 2F
2-1: Ball
3-1: Base on Balls
Pitching: RHP Clint Smith
Pinch Hitting: LHB Alberto Pérez 0-0: SINGLE (Groundball, 6D)
Christian Goodwin to second
Batting: RHB Larry Olson 0-0: Called Strike
0-1: Foul Ball, location: 2F
0-2: Ball
1-2: Ball
Wild Pitch!
Christian Goodwin to third
Alberto Pérez to second
2-2: Strikes out swinging
Bottom of the 9th over - 0 runs, 1 hit, 0 errors, 2 left on base; Overland Park HS 6 - Billings West HS 5
Saturday, December 16th, 2017 - OOTP Baseball 18.8 Build 76